 Dungeon Sprint DCSS version 0.17-a0-1210-g1e4f09d (webtiles) character file.

6532 Kidiri the Unseen (level 10, -11/58 HPs)
             Began as a Spriggan Assassin on June 3, 2015.
             Was a High Priest of Dithmenos.
             Killed from afar by a gargoyle (21 damage)
             ... with a stone arrow
             ... in the Dungeon (Sprint I: "Red Sonja").
             The game lasted 00:14:22 (2079 turns).

Kidiri the Unseen (Spriggan Assassin)               Turns: 2079, Time: 00:14:23

Health: -11/58     AC:  5    Str:  7    XL:     10   Next: 69%
Magic:  17/17      EV: 33    Int: 14    God:    Dithmenos [*****.]
Gold:   785        SH:  0    Dex: 20    Spells: 0 memorised, 9 levels left

rFire  . . .     SeeInvis +     a - +2 dagger
rCold  . . .     Clarity  .     p - +2 robe {MR+}
rNeg   . . .     SustAt   .     (shield restricted)
rPois  .         Gourm    .     (helmet restricted)
rElec  .         Spirit   .     d - +0 cloak
rCorr  .         Warding  .     (gloves unavailable)
rMut   .         NoTele   +     (boots unavailable)
MR     ++...                    (no amulet)
Stlth  ++++++++++               (no ring)
                                (no ring)

@: wreathed by umbra, very quick, very resistant to hostile enchantments,
uncannily stealthy
A: unfitting armour, see invisible, herbivore 3, speed 3, slow metabolism 2
a: Shadow Step, Shadow Form, Renounce Religion


You were in the Dungeon.
You worshipped Dithmenos.
Dithmenos was extremely pleased with you.
You were not hungry.

You visited 1 branch You collected 1150 gold pieces.
You spent 365 gold pieces at shops.

Inventory:

Hand weapons
 a - a +2 dagger (weapon)
 b - a +0 blowgun
 u - a +0 shortbow
Missiles
 e - 3 curare-tipped needles
 f - 31 poisoned needles
 s - 49 arrows
Armour
 d - a +0 cloak (worn)
 p - a +2 robe of magic resistance (worn)
Magical devices
 n - a wand of slowing (11)
 o - a wand of slowing (24)
 t - a wand of paralysis (8)
Scrolls
 m - a scroll of blinking
 q - 2 scrolls of fear
 r - a scroll of enchant weapon
Potions
 i - 2 potions of curing
 j - a potion of haste
 k - 2 potions of magic
 l - a potion of berserk rage
 v - a potion of cancellation
Comestibles
 g - a bread ration


   Skills:
 * Level 9.4 Fighting
 * Level 11.8 Short Blades
 * Level 12.0 Throwing
 * Level 14.9 Dodging
 * Level 16.7 Stealth
 + Level 6.4 Invocations
 + Level 8.3 Evocations


You had 9 spell levels left.
You didn't know any spells.

Dungeon Overview and Level Annotations

Branches:
Dungeon (1/1)

Altars:
Cheibriados
Dithmenos
Elyvilon
Fedhas
Gozag
Kikubaaqudgha
Makhleb
Nemelex Xobeh
Okawaru
Qazlal
Ru
Sif Muna
Trog
Vehumet
Xom
Yredelemnul
Zin
The Shining One
Jiyva

Shops:
D ?[[

Annotations:
D exclusion: oklob plant


Innate Abilities, Weirdness & Mutations

You are tiny and cannot use many weapons and most armour.
You have supernaturally acute eyesight.
You are a herbivore.
You cover ground extremely quickly.
You need consume almost no food.


Message History

The gargoyle is moderately damaged.
You hit the gargoyle.
The gargoyle is moderately damaged.
The gargoyle closely misses you.
You barely miss the gargoyle.
The gargoyle is moderately damaged.
You hit the gargoyle.
The gargoyle is moderately damaged.
You barely miss the gargoyle.
The gargoyle is moderately damaged.
The gargoyle hurls a stone arrow at you.
The stone arrow hits you!
* * * LOW HITPOINT WARNING * * *
You barely miss the gargoyle.
The gargoyle is moderately damaged.
You hit the gargoyle but do no damage.
The gargoyle is moderately damaged.
The gargoyle hurls a stone arrow at you.
The stone arrow hits you!
You die...

#################################
..#__#..'..)#%.#§§§§÷§§§§§§§..#^(
..'..'..#...##'#.####§§§§§##..'^^
#'#__####)..'.§#@#,*##§§§#######+
#.####(§#####.§9§#+*,###+#,,,**,,
#.#≈§≈§§#..##'####,,,*,#§#*,,,*,,
..'≈§§§§'.†#.§.§§#,,,**#..***,*,,
._#§§§§§#..#.^^..+,,,,,##.*,*,*,,
#'##'#####+###§§.#,,,,,*,.#**,*,,
#.#)§§.###P+,#§§§#**++**,##,,,*,,
####'###)###,#§§##*,,***,,*+***,,
.'.....'.∩#*,#.^#***,,***,,,*,≈,,


You could see a gargoyle.

Vanquished Creatures
  2 centaur warriors (D)
  A hydra (D)
  Sonja (D)
  A deep troll (D)
  A lindwurm (D)
  2 kobold demonologists (D)
  A slime creature (D)
  Sigmund (D)
  13 hogs (D)
  A yak (D)
  A wasp (D)
  An ogre (D)
  A jelly (D)
  Ijyb (D)
  2 giant eyeballs (D)
  A giant spore (D)
  3 ballistomycetes (D)
34 creatures vanquished.

Vanquished Creatures (others)
  A gargoyle (D)
  A giant spore (D)
2 creatures vanquished.

Grand Total: 36 creatures vanquished

Notes
Turn   | Place    | Note
--------------------------------------------------------------
     0 | D        | Kidiri the Spriggan Assassin began the quest for the Orb.
     0 | D        | Reached XP level 1. HP: 10/10 MP: 2/2
     3 | D        | Noticed Ijyb
    19 | D        | Killed Ijyb
    19 | D        | Reached skill level 7 in Stealth
    19 | D        | Reached XP level 2. HP: 14/16 MP: 3/3
    52 | D        | Noticed an ogre
    55 | D        | Killed an ogre
    55 | D        | Reached skill level 8 in Stealth
    55 | D        | Reached XP level 3. HP: 19/21 MP: 4/4
    55 | D        | Reached XP level 4. HP: 22/25 MP: 5/5
    83 | D        | Noticed Sigmund
    86 | D        | Killed Sigmund
    86 | D        | Reached skill level 5 in Short Blades
    86 | D        | Reached skill level 10 in Stealth
    86 | D        | Reached XP level 5. HP: 28/30 MP: 6/6
    86 | D        | Reached XP level 6. HP: 32/35 MP: 7/7
   116 | D        | Found a snail-covered altar of Cheibriados.
   116 | D        | Found a viscous altar of Jiyva.
   116 | D        | Found a shadowy altar of Dithmenos.
   116 | D        | Found a blossoming altar of Fedhas.
   116 | D        | Noticed a slime creature
   119 | D        | Killed a slime creature
   119 | D        | Reached skill level 5 in Fighting
   119 | D        | Reached skill level 11 in Stealth
   121 | D        | Became a worshipper of Dithmenos the Shadowed
   126 | D        | Found a deep blue altar of Sif Muna.
   127 | D        | Noticed a jelly
   128 | D        | Found a radiant altar of Vehumet.
   158 | D        | Killed a jelly
   221 | D        | Found Disim's Antique Armour Emporium.
   221 | D        | Found a white marble altar of Elyvilon.
   221 | D        | Found a stormy altar of Qazlal.
   221 | D        | Found a burning altar of Makhleb.
   221 | D        | Found a sacrificial altar of Ru.
   221 | D        | Found a basalt altar of Yredelemnul.
   221 | D        | Found a glowing golden altar of the Shining One.
   221 | D        | Found a sparkling altar of Nemelex Xobeh.
   221 | D        | Found a shimmering altar of Xom.
   221 | D        | Found an opulent altar of Gozag.
   221 | D        | Found an ancient bone altar of Kikubaaqudgha.
   221 | D        | Found a glowing silver altar of Zin.
   221 | D        | Noticed a yak
   222 | D        | Found an iron altar of Okawaru.
   223 | D        | Killed a yak
   223 | D        | Reached skill level 1 in Invocations
   223 | D        | Reached XP level 7. HP: 39/39 MP: 7/9
   224 | D        | Found a bloodstained altar of Trog.
   228 | D        | Bought an embroidered robe for 11 gold pieces
   250 | D        | Noticed Sonja
   282 | D        | Killed Sonja
   282 | D        | Reached skill level 13 in Stealth
   282 | D        | Reached XP level 8. HP: 20/45 MP: 9/11
   415 | D        | Killed a gargoyle
   511 | D        | Found Fusieh's Magic Scroll Boutique.
   519 | D        | Bought a scroll of magic mapping for 42 gold pieces
   519 | D        | Bought a scroll of identify for 24 gold pieces
   519 | D        | Bought a scroll of identify for 24 gold pieces
   519 | D        | Bought a scroll of fear for 42 gold pieces
   519 | D        | Bought a scroll of fear for 42 gold pieces
   519 | D        | Bought a scroll of blinking for 90 gold pieces
   519 | D        | Bought a scroll of enchant weapon for 90 gold pieces
   534 | D        | Noticed a deep troll
   538 | D        | Killed a deep troll
   561 | D        | Found Cacw's Armour Emporium.
   575 | D        | Noticed a centaur warrior
   576 | D        | Noticed a centaur warrior
   579 | D        | Killed a centaur warrior
   579 | D        | Reached skill level 10 in Throwing
   579 | D        | Reached skill level 14 in Stealth
   579 | D        | Reached skill level 5 in Evocations
   579 | D        | Reached XP level 9. HP: 49/51 MP: 12/14
   581 | D        | Killed a centaur warrior
   581 | D        | Acquired Dithmenos's first power
   581 | D        | Reached skill level 10 in Short Blades
   581 | D        | Reached skill level 15 in Stealth
   731 | D        | Noticed a wasp
   734 | D        | Killed a wasp
   746 | D        | Noticed an oklob plant
   795 | D        | Noticed a kobold demonologist
   796 | D        | Noticed a kobold demonologist
   799 | D        | Killed a kobold demonologist
   799 | D        | Reached skill level 5 in Invocations
   803 | D        | Killed a kobold demonologist
   812 | D        | Noticed a demonic crawler
   812 | D        | Noticed a demonic crawler
   812 | D        | Noticed a demonic crawler
   812 | D        | Noticed a demonic crawler
  1272 | D        | Noticed a lindwurm
  1351 | D        | Killed a lindwurm
  1351 | D        | Acquired Dithmenos's second power
  1351 | D        | Reached XP level 10. HP: 3/57 MP: 16/16
  1636 | D        | Noticed a hog
  1636 | D        | Noticed a hog
  1636 | D        | Noticed a hog
  1636 | D        | Noticed a hog
  1636 | D        | Noticed a hog
  1637 | D        | Noticed a hog
  1637 | D        | Noticed a hog
  1637 | D        | Noticed a hog
  1637 | D        | Noticed a hog
  1638 | D        | Noticed a hog
  1638 | D        | Killed a hog
  1639 | D        | Killed a hog
  1640 | D        | Noticed a hog
  1641 | D        | Killed a hog
  1642 | D        | Killed a hog
  1642 | D        | Acquired Dithmenos's third power
  1642 | D        | Reached skill level 16 in Stealth
  1645 | D        | Noticed a hog
  1645 | D        | Noticed a hog
  1670 | D        | Killed a hog
  1687 | D        | Killed a hog
  1702 | D        | Killed a hog
  1721 | D        | Killed a hog
  1738 | D        | Killed a hog
  1758 | D        | Killed a hog
  1758 | D        | Acquired Dithmenos's fourth power
  1769 | D        | Killed a hog
  1788 | D        | Killed a hog
  1801 | D        | Killed a hog
  1932 | D        | Noticed a 12-headed hydra
  1934 | D        | Killed a 12-headed hydra
  2020 | D        | Noticed a gargoyle
  2079 | D        | Killed from afar by a gargoyle

Vault maps used:
D:        dungeon_sprint_1

Action                   |  1- 3 |  4- 6 |  7- 9 | 10-12 || total
-------------------------+-------+-------+-------+-------++-------
Melee: Dagger            |     1 |     5 |    66 |   185 ||   257
 Fire: Blowgun           |     7 |     9 |    33 |     3 ||    52
       Shortbow          |       |       |     6 |       ||     6
Invok: Shadow Step       |       |       |       |     2 ||     2
  Use: Potion            |       |       |     2 |       ||     2
       Scroll            |       |       |     5 |       ||     5
 Stab: Sleeping          |     1 |     3 |     7 |     7 ||    18
